[Event "Israel-ch Youth U8-18 2024"]
[Site "Kfar Saba"]
[Date "2024.04.18"]
[Round "4.11"]
[White "Gurevich, Neria"]
[Black "Vardi, Daniel"]
[Result "1-0"]
[ECO "D34"]
[WhiteElo "1844"]
[BlackElo "1937"]
[Annotator "NA COMBH"]
[PlyCount "73"]
[EventDate "2024.04.10"]
[EventType "swiss"]
[EventCountry "ISR"]
[SourceTitle "playchess.com"]
[Source "ChessBase"]
[SourceQuality "1"]
[TimeControl "5400+30"]

1. d4 d5 2. c4 e6 3. Nf3 c5 4. cxd5 exd5 5. g3 Nc6 6. Bg2 Nf6 7. O-O Be7 8. Nc3 O-O 9. dxc5 Bxc5 10. Bg5 Be6 11. Bxf6 Qxf6 12. Nxd5 Qxb2 13. Nc7 Rad8 14. Qc1 Qxc1 15. Raxc1 b6 16. Nxe6 fxe6 17. e3 h6 {[%emt 0:00:05] D34: Tarrasch Defence: 6 g3 Nf6 7 Bg2 Be7.} 18. Rc4 Rf6 19. h4 h5 20. Ng5 Na5 21. Re4 Rd2 22. Bh3 g6 23. Nxe6 Nb7 24. Ng5 Nd6 $18 (24... Kg7 {might work better.} 25. Re8 Rf8 26. Ne6+ Kf7 27. Nxf8 Kxe8 28. Nxg6 Nd6) 25. Re7 a5 26. Rd7 Nc4 27. Ne4 Rfd6 28. Nxd2 Rxd2 29. Be6+ Kh8 30. Rxd2 Nxd2 31. Rd1 Bb4 32. Bd5 Kg7 33. a3 Bc3 34. Rc1 Bb2 35. Rc2 Bxa3 36. Rxd2 b5 37. Bc6 1-0

[Event "Israel-ch Youth U8-18 2024"]
[Site "Kfar Saba"]
[Date "2024.04.18"]
[Round "4.12"]
[White "Triger, Eitan"]
[Black "Sason, Noam"]
[Result "0-1"]
[ECO "B28"]
[WhiteElo "1820"]
[BlackElo "1903"]
[Annotator "TA"]
[PlyCount "62"]
[EventDate "2024.04.10"]
[EventType "swiss"]
[EventCountry "ISR"]
[SourceTitle "playchess.com"]
[Source "ChessBase"]
[SourceQuality "1"]
[TimeControl "5400+30"]

1. e4 c5 2. Nf3 a6 3. d4 cxd4 4. Nxd4 Nf6 5. Nc3 e5 6. Nb3 Bb4 7. Bg5 h6 8. Bxf6 Bxc3+ 9. bxc3 Qxf6 10. Qd2 {[%emt 0:02:14] The position is equal.} O-O 11. Be2 d6 12. O-O Qg6 13. Qe3 Nc6 14. f4 (14. Rfd1 $11) 14... f5 (14... exf4 $15 {should be considered.} 15. Rxf4 Ne5) 15. Bc4+ $11 Kh8 16. Bd3 (16. fxe5 $11 {deserves consideration.} dxe5 (16... Nxe5 17. Bd5 $14) 17. exf5 Bxf5 18. Nc5) 16... fxe4 $15 17. Bxe4 Bf5 18. Bxf5 Rxf5 (18... Qxf5 {simplifies} 19. fxe5 Qxe5 20. Qxe5 Nxe5 21. Rxf8+ Rxf8 22. Rd1 Nc4) 19. Qd3 Raf8 (19... Kh7 {simplifies} 20. fxe5 Rxf1+ 21. Kxf1 Nxe5 22. Qxg6+ Kxg6 23. Rd1 Nc4) 20. fxe5 Nxe5 21. Rxf5 Rxf5 ({Much less strong is} 21... Qxf5 22. Qxf5 Rxf5 23. h3 $15) 22. Qe2 Rf3 $1 23. Qd2 {[%emt 0:11:48] [#]} (23. Nd4 $17 {might work better.} Rxc3 24. Kh1) 23... Rd3 $3 $19 24. Qf2 (24. Qe2 Rxc3) 24... Rxc3 25. Nd4 Ng4 26. Qd2 Rc5 {[%emt 0:03:44] Black is more active.} 27. Rf1 Rh5 28. Rf8+ Kh7 29. Nf3 {[%emt 0:03:28] [#]} (29. h3 $17 {is a better defense.} Nf6 30. Qf4) 29... Rb5 $1 30. Qc1 {[%emt 0:03:14] Inhibits Rb1.} d5 {[%emt 0:07:08] Threatens to win with ...Qb6+.} 31. h3 $2 (31. Nd4 Qb6 32. Qd2) 31... Qb6+ {[%emt 0:28:45] Weighted Error Value: White=0.39/Black=0.08 (flawless) .  Mistake:       	White=5     	Black=1      Inaccurate:     	White=2     	Black=1      OK:         	White=3     	Black=12     Best:        	---       	Black=1      Strong:       	---       	Black=1} 0-1

[Event "Israel-ch Youth U8-18 2024"]
[Site "Kfar Saba"]
[Date "2024.04.18"]
[Round "4.13"]
[White "Ben-Haim, Harel"]
[Black "Ronin, Ilan"]
[Result "0-1"]
[ECO "D02"]
[WhiteElo "1513"]
[BlackElo "1555"]
[Annotator "NA RC COMBH"]
[PlyCount "106"]
[EventDate "2024.04.10"]
[EventType "swiss"]
[EventCountry "ISR"]
[SourceTitle "playchess.com"]
[Source "ChessBase"]
[SourceQuality "1"]
[TimeControl "5400+30"]

1. d4 Nf6 2. Bf4 e6 3. Nf3 c5 4. c3 Nc6 5. e3 Be7 6. h3 O-O 7. Bd3 d5 8. Nbd2 cxd4 9. exd4 Re8 10. O-O a6 11. Qc2 h6 12. Rfe1 Bd7 13. Ne5 Nxe5 14. Bxe5 Bb5 15. Bxb5 axb5 16. Qd3 b4 17. Rec1 Qb6 18. Nb3 bxc3 19. bxc3 Ne4 20. f3 Nf6 21. Kh1 Bd6 22. Qe3 Bxe5 23. Qxe5 Rec8 24. Nc5 Qb2 25. Rab1 Qd2 26. Qe1 Qg5 27. Rc2 Qg6 28. Qd1 Nh5 29. Rxb7 Ng3+ 30. Kg1 Nf5 31. Qd2 Rab8 32. Rcb2 Rxb7 33. Rxb7 Nh4 34. Qf2 Nf5 35. a4 Nd6 36. Rb2 Nc4 37. Rb4 Qg5 38. f4 Qg6 39. Qe2 Qg3 40. Qf3 Qe1+ 41. Kh2 Ne3 42. Rb1 Qxb1 43. Qxe3 Qg6 44. a5 Qb1 45. a6 Qb6 46. Qe2 Qb8 47. Qa2 Qxf4+ 48. g3 Qc7 49. Qa4 Rb8 50. Kg2 Rb2+ 51. Kf3 Qd8 52. Qc6 Qf6+ 53. Kg4 Qf5+ 0-1

[Event "Israel-ch Youth U8-18 2024"]
[Site "Kfar Saba"]
[Date "2024.04.18"]
[Round "5.1"]
[White "Levi, Or"]
[Black "Sokolovsky, Yahli"]
[Result "0-1"]
[ECO "B90"]
[WhiteElo "1967"]
[BlackElo "2490"]
[Annotator "TA"]
[PlyCount "92"]
[EventDate "2024.04.10"]
[EventType "swiss"]
[EventCountry "ISR"]
[SourceTitle "playchess.com"]
[Source "ChessBase"]
[SourceQuality "1"]
[TimeControl "5400+30"]

1. e4 c5 2. Nf3 d6 3. d4 cxd4 4. Nxd4 Nf6 5. Nc3 a6 6. Be3 e5 7. Nf3 Be7 8. Bc4 O-O 9. O-O Nc6 10. Qe2 Na5 11. Bb3 h6 12. Rfd1 {[%emt 0:02:39] Threatens to win with Nxe5.} Nxb3 {[%emt 0:02:55] The position is equal.} 13. cxb3 {[%emt 0:02:22] Strongly threatening Nxe5.} Qe8 14. Ne1 Be6 15. Nc2 Rc8 16. Rac1 Nd7 17. Nb4 Bd8 (17... f5 $11) 18. Nbd5 (18. Rxd6 Be7 19. Qd2 Bxd6 20. Qxd6 Kh7 $14) (18. Qd2 $16) 18... f5 $11 19. exf5 Bxf5 20. f3 Qg6 21. Kh1 Kh8 22. b4 Re8 23. Ne4 {[%emt 0:05:03] A dynamic duo of knights.} Rxc1 24. Bxc1 Bxe4 25. Qxe4 Qxe4 26. fxe4 Kg8 27. Be3 Kf7 28. g3 Ke6 29. Kg2 Nf6 30. Nc3 Rf8 (30... h5 $11 {remains equal.}) 31. a4 $2 {[%emt 0:02:57] [#]} ({White must play} 31. Rxd6+ $1 $16 Kxd6 32. Bc5+ Ke6 33. Bxf8) 31... Rf7 32. Rc1 (32. Rd3 $15) 32... Rc7 $17 33. Kf3 Rc4 34. Na2 {[%emt 0:04:26] This move loses the game for White.} (34. b3 $17 Rxb4 35. Rb1) 34... Rxe4 $19 35. b3 d5 36. h3 Nh7 ({But not} 36... d4 37. Bd2 g5 38. Rc4 $19) 37. h4 Nf6 38. Rc8 Kd7 39. Rc1 Rg4 40. Bf2 d4 41. Kg2 Ne4 {[%emt 0:00:41] Black is clearly winning.} 42. Be1 h5 ({Don't do} 42... Bxh4 43. Kh3 Rxg3+ (43... Bg5 44. Kxg4 Bxc1 45. Nxc1 $11) 44. Bxg3 Bxg3 45. Rg1 $19) 43. Kf3 Nd6 44. Rd1 Ke6 45. Bf2 Bf6 46. Ke2 Nf5 {[%emt 0:00:20] Weighted Error Value: White=0.29 (precise) /Black=0.10 (very precise) .  Mistake:       	White=4     	Black=2      Inaccurate:     	White=1     	---        OK:         	White=12    	Black=23     Best:        	White=2     	Black=1} 0-1

[Event "Israel-ch Youth U8-18 2024"]
[Site "Kfar Saba"]
[Date "2024.04.18"]
[Round "5.2"]
[White "Levin, Guy"]
[Black "Aizenberg, Benny"]
[Result "1/2-1/2"]
[ECO "B23"]
[WhiteElo "2451"]
[BlackElo "2409"]
[Annotator "TA"]
[PlyCount "77"]
[EventDate "2024.04.10"]
[EventType "swiss"]
[EventCountry "ISR"]
[SourceTitle "playchess.com"]
[Source "ChessBase"]
[SourceQuality "1"]
[TimeControl "5400+30"]

1. e4 c5 2. Nc3 Nc6 3. Bb5 Nd4 4. Nf3 a6 5. Bd3 Nc6 6. O-O e6 7. b3 g5 8. Bb2 {[%emt 0:00:10][%cal Oc3d5] Threatens to win with Nd5! The position is equal.} Bg7 9. Na4 Bxb2 10. Nxb2 d6 11. c3 h5 12. Be2 e5 (12... g4 $5 13. Ne1 $8 Nf6 $11) 13. a4 g4 14. Ne1 Nf6 15. Qc2 h4 16. f4 gxf3 (16... exf4 $15 17. Rxf4 Be6) 17. Nxf3 $14 Nh5 18. Bc4 Nf4 (18... Rg8 {feels hotter.} 19. Rf2 Be6 20. d4 exd4 21. cxd4 cxd4 22. Qd2 Qf6) 19. Nd3 Bg4 (19... Ne2+ $11 20. Kh1 Ng3+ 21. hxg3 hxg3+ 22. Kg1 Qf6) 20. Nxf4 $16 exf4 21. h3 Bh5 22. d4 cxd4 23. Bd5 $1 Ne5 24. Nxe5 (24. cxd4 $2 Nxf3+ 25. gxf3 Rg8+ 26. Kh2 Rc8 $19) (24. Nxd4 {with more complications.} f3 25. Bxb7 Rg8 26. Rf2) 24... dxe5 25. cxd4 (25. Bxb7 d3 26. Qf2 Rb8 27. Bxa6 Be2 $16) 25... Qe7 26. Rac1 {[%emt 0:08:53] White is much more active.} (26. dxe5 $142 f3 27. Qc3 (27. gxf3 Rg8+ 28. Kh2 Bxf3 $11)) 26... f6 (26... f3 $16) 27. Qf2 Bf7 28. dxe5 fxe5 29. Qb6 {[%emt 0:00:18] Black must now prevent Rc7.} Bxd5 30. exd5 {[%emt 0:01:08] Rc7 is the strong threat.} O-O 31. Rc7 Qf6 32. Rxb7 (32. Qxb7 Rab8 33. Qc6 Qxc6 34. dxc6 Rxb3) 32... Rad8 33. Qb4 Qg6 {[%emt 0:05:38][%cal Of4f3] [#]} 34. Rb6 $1 Qd3 {[%emt 0:01:22] [#]} 35. Rf3 ({White should try} 35. Rh6 $1 $16 {Hoping for Qe7.} Rd7 36. d6 (36. Rxh4 Qxd5 37. Rg4+ Rg7 $18)) 35... Qxd5 $14 36. Rxa6 {[%emt 0:01:22] aiming for Qe7.} Qd4+ (36... e4 37. Rf2 Qd1+ 38. Rf1 Qd4+ 39. Qxd4 Rxd4 40. Rg6+ Kh7 41. Rg4) 37. Qxd4 Rxd4 38. Rc3 e4 39. Rc7 {[%emt 0:02:48] Weighted Error Value: White=0.17 (very precise) /Black=0.23 (precise) .  Mistake:       	White=3     	Black=3      Inaccurate:     	White=4     	Black=2      OK:         	White=9     	Black=9      Best:        	White=4     	Black=4      Strong:       	White=1     	---} (39. Rg6+ $14 Kf7 40. Rb6) 1/2-1/2

[Event "Israel-ch Youth U8-18 2024"]
[Site "Kfar Saba"]
[Date "2024.04.18"]
[Round "5.3"]
[White "Rozen, Eytan"]
[Black "Michaeli, Omri"]
[Result "1-0"]
[ECO "D02"]
[WhiteElo "2499"]
[BlackElo "2031"]
[Annotator "TA"]
[PlyCount "89"]
[EventDate "2024.04.10"]
[EventType "swiss"]
[EventCountry "ISR"]
[SourceTitle "playchess.com"]
[Source "ChessBase"]
[SourceQuality "1"]
[TimeControl "5400+30"]

1. Nc3 Nf6 2. d4 d5 3. Bf4 Bf5 4. e3 e6 5. Nf3 a6 6. Ne5 h6 7. g4 Be4 8. f3 {[%emt 0:01:06] White is slightly better.} Bh7 9. Bd3 Nbd7 10. Bxh7 Nxe5 11. Bxe5 Nxh7 12. Qd3 Qd7 13. h4 O-O-O 14. O-O-O f6 15. Bf4 Bd6 16. Ne2 Nf8 17. c4 Qa4 ({Better is} 17... dxc4 $11 18. Qxc4 h5) 18. Bxd6 $14 Rxd6 19. c5 Rd8 20. Nc3 Qa5 21. Kc2 (21. Kb1 {simplifies} c6 22. e4 h5 23. exd5 exd5 24. Qf5+) 21... b6 {[%emt 0:02:21] [#]} ({Black should try} 21... c6 $14) 22. b4 $1 Qxb4 23. Qxa6+ Kd7 24. Rb1 $36 {[%emt 0:00:36][%mdl 2048] White is in control.} Qc4 {[%emt 0:00:19] Black cannot hold the game after this.} (24... Qa5 $16 25. Qxa5 bxa5) 25. Qxc4 $18 dxc4 26. cxb6 Ng6 $2 (26... cxb6 27. Rxb6 Rc8) 27. b7 Kc6 28. Rb4 Rb8 29. h5 Ne7 30. Rhb1 Nd5 31. Rxc4+ Kd7 32. Nxd5 exd5 {[%emt 0:00:13][%mdl 4096] Endgame. KRR-KRR} 33. Rc5 c6 34. Rb6 Rhe8 35. Kd2 Re6 36. Rc3 c5 37. dxc5 {[%emt 0:00:07] White wants to mate with Rxe6.} Rxb6 38. cxb6 {[%emt 0:00:01][%cal Oc3c8] Rc8! would kill now.} Rxb7 {[%emt 0:00:32] [#]} 39. Rc7+ $1 {[%emt 0:00:04] White mates.} Rxc7 40. bxc7 Kxc7 {[%emt 0:00:25] KP-KP} 41. Kd3 Kd6 42. Kd4 Kc6 43. f4 Kd6 44. a4 Kc6 45. a5 {[%emt 0:00:04] Weighted Error Value: White=0.06 (flawless) /Black=0.48.  Loses game:     	---       	Black=1      Mistake:       	---       	Black=3      Inaccurate:     	---       	Black=2      OK:         	White=7     	Black=7      Best:        	White=3     	Black=1} 1-0

[Event "Israel-ch Youth U8-18 2024"]
[Site "Kfar Saba"]
[Date "2024.04.18"]
[Round "5.4"]
[White "Menahem, Adi"]
[Black "Meirovich, Ilay"]
[Result "1/2-1/2"]
[ECO "D02"]
[WhiteElo "2112"]
[BlackElo "1880"]
[Annotator "TA"]
[PlyCount "62"]
[EventDate "2024.04.10"]
[EventType "swiss"]
[EventCountry "ISR"]
[SourceTitle "playchess.com"]
[Source "ChessBase"]
[SourceQuality "1"]
[TimeControl "5400+30"]

1. d4 Nf6 2. Bf4 d5 3. e3 c5 4. Nf3 Nc6 5. Nbd2 Qb6 6. dxc5 Qxb2 7. Rb1 Qa3 8. Bb5 {[%emt 0:02:34] White is slightly better.} g6 9. Ne5 Qxc5 10. c4 $1 {[%emt 0:04:28] [#] And now cxd5 would win.} Bf5 (10... Bg7 $11 {and Black stays safe.}) 11. Rc1 $2 ({And not} 11. Bxc6+ bxc6 12. Rc1 Nh5 $11) (11. Ba4 $18 Bxb1 12. Qxb1) 11... Rc8 (11... Bg7 $11 {keeps the balance.}) 12. Qa4 {[%emt 0:17:19] Strongly threatening Nb3.} a6 13. Bxc6+ bxc6 14. O-O (14. Nb3 {keeps more tension.} Qb6 15. Nd4 Bg7 16. Ndxc6 Nd7 17. cxd5 Qb5 18. Qa3) 14... dxc4 15. Rxc4 Qb5 16. Rfc1 (16. Nxc6 $2 {too greedy.} Qxa4 17. Rxa4 Rxc6 $19) (16. e4 $16 {Black must now prevent Qc2.} Qxa4 17. Rxa4) 16... Bg7 {[%emt 0:01:32] [#]} (16... Qxa4 $11 {remains equal.} 17. Rxa4 Bg7) 17. Qxb5 ({Weaker is} 17. Nxc6 Qxa4 18. Rxa4 Bd3 $15) (17. Qa3 $1 $16) 17... axb5 $11 18. Rxc6 O-O 19. Rxc8 Rxc8 20. Rxc8+ Bxc8 21. Nc6 Kf8 {[%emt 0:00:50] The position is equal.} 22. Be5 Bd7 23. Nd4 Ne8 24. Bxg7+ Kxg7 {[%emt 0:00:23][%mdl 4096] Endgame. KBN-KNN} 25. Ne4 Nc7 26. Nc5 Be8 27. Nd3 Bd7 28. Nc5 Be8 29. Nd3 Bd7 30. Nc5 Be8 31. Nd3 Bd7 {[%emt 0:01:00] Weighted Error Value: White=0.27 (precise) /Black=0.33.  Missed win:     	White=1     	---        Mistake:       	White=2     	Black=3      Inaccurate:     	White=1     	Black=1      OK:         	White=7     	Black=9      Strong:       	White=1     	---} 1/2-1/2

[Event "Israel-ch Youth U8-18 2024"]
[Site "Kfar Saba"]
[Date "2024.04.18"]
[Round "5.5"]
[White "Medovoy, Yaniv"]
[Black "Abitbul, Matan"]
[Result "1-0"]
[ECO "C17"]
[WhiteElo "2009"]
[BlackElo "1916"]
[Annotator "TA"]
[PlyCount "89"]
[EventDate "2024.04.10"]
[EventType "swiss"]
[EventCountry "ISR"]
[SourceTitle "playchess.com"]
[Source "ChessBase"]
[SourceQuality "1"]
[TimeControl "5400+30"]

1. e4 e6 2. d4 d5 3. Nc3 Bb4 4. e5 c5 5. Bd2 Ne7 6. a3 Bxc3 7. Bxc3 b6 8. Bb5+ {[%emt 0:00:33] The old main line.} Bd7 9. Bd3 Nbc6 {[%emt 0:00:04] C17: French: 3 Nc3 Bb4 4 e5 c5 sidelines.} 10. f4 cxd4 11. Bd2 Ng6 12. Nf3 Qc7 $146 ({Predecessor:} 12... O-O 13. Ng5 h6 14. Nf3 Nh4 15. O-O Nxf3+ 16. Qxf3 a5 17. Rae1 f6 18. Qg3 f5 {0-1 Makka,I (2126)-Ikonomopoulou,M (2129) GRE-ch (Women) 34th 2011 (1)}) 13. O-O O-O-O (13... a5 $14) 14. b4 $16 f6 15. Bxg6 (15. Rc1 $1 $16 {Black must now prevent c4.} fxe5 16. Bxg6 (16. b5 Na5 $16) 16... hxg6 17. c4 dxc4 (17... exf4 $2 18. cxd5 Rh5 19. dxc6 $18) 18. Rxc4) 15... hxg6 $11 16. Re1 g5 17. b5 (17. fxg5 Nxe5 (17... fxe5 18. Nxe5 Rdf8 19. Qe2 $17) 18. Bf4 Nxf3+ 19. Qxf3 Qc3 $17 (19... Qxc2 $2 20. Rac1 $18) (19... e5 20. Bg3 $17)) 17... Ne7 18. Nxd4 gxf4 19. exf6 $2 (19. Bxf4 $11 {and White has nothing to worry.} Ng6 20. Bg3 fxe5 (20... Nxe5 21. c3 $11) 21. a4) 19... f3 (19... gxf6 $19 {Hoping for ...Rdg8.} 20. Bb4 (20. Nxe6 $2 Bxe6 21. Qf3 Qc5+ 22. Qf2 Qxf2+ 23. Kxf2 Kd7 $19) 20... f3 21. Nxf3 Nf5) 20. Nxf3 (20. fxe7 Qxh2+ (20... Rxh2 $2 21. exd8=Q+ Qxd8 22. Nxf3 $18) 21. Kf2 Qxg2+ 22. Ke3 f2 23. exd8=Q+ (23. exd8=R+ $2 Kxd8 24. Nf3 fxe1=B $19) 23... Kxd8 $19) (20. h4 $17 {was necessary.} Qg3 21. Qxf3 (21. fxe7 $2 Qxg2#) 21... Qxf3 22. Nxf3 gxf6 23. Rec1) 20... gxf6 $19 21. a4 e5 22. g3 $2 (22. Bb4 $17 Bg4 23. Bxe7 Qxe7 24. Qd2) 22... Rdg8 $19 (22... Qc5+ 23. Be3 Qc7 (23... d4 24. Bf2 $17) 24. a5 $15) 23. Qc1 Bg4 (23... Qc5+ 24. Be3 Qc7 (24... d4 $2 25. Bf2 $19) 25. Qa3 $17) 24. Ra3 Qc5+ 25. Be3 d4 26. Bf2 Kb7 (26... Nd5 $19 27. Nxd4 exd4) 27. Rb3 (27. a5 $17) 27... Qd5 28. Qa3 $2 (28. c4 Qf7 29. Qd2) 28... Nf5 $19 29. a5 Bxf3 $1 30. axb6 axb6 31. c4 {[%emt 0:05:19] [#]} Nxg3 $2 (31... Qxc4 32. Rxf3 Ra8 33. Qc1 Qxc1 (33... Qxb5 $2 34. Rxf5 Rhf8 35. Qh6 $18) 34. Rxc1 $15) (31... dxc3 $1 $19 {[%cal Og8g3] has better winning chances. ( -> ...Rxg3+!)} 32. Qa6+ Kc7 33. Rxc3+ Kd7 34. Qxb6 Nd6) 32. Rxf3 $17 (32. cxd5 Ne4+ 33. Bg3 Rxg3+ 34. Kf1 Nd2+ 35. Kf2 Rg2#) 32... Nf5+ (32... Qxc4 $2 33. hxg3 (33. Rxg3 Qc5 $18) (33. Bxg3 d3 $18) 33... Ra8 34. Qe7+ Qc7 35. Qe6 $18 (35. Qxf6 e4 $18) (35. Qxc7+ Kxc7 36. Rxf6 Rae8 $18)) (32... Nh5+ $1 $15 33. Kh1 Qc5 (33... Qxc4 $2 34. Rc1 $18)) 33. Kh1 Qe6 (33... Qxc4 34. Rxf5 Qd5+ 35. Rf3 $18) 34. Qa6+ Kc7 $1 35. Qa7+ $1 Kd8 $1 36. Ra1 Ne7 37. Qb8+ ({White should play} 37. Qa8+ $15 Nc8 38. c5) 37... Nc8 $17 38. Qb7 Rf8 (38... Qxc4 39. Rxf6 $14) (38... Rg6 $19 {and Black stays clearly on top.} 39. Rg3 Rgh6 (39... Rxg3 40. Bxg3 Qxc4 41. Qg7 $11)) 39. Rd1 $2 {[%emt 0:00:00] [#]} (39. c5 $17 {was worth a try.}) 39... Rf7 $1 $19 ({And not} 39... Qxc4 40. Bxd4 $11) 40. Qe4 {[%emt 0:00:00] [#]} Rd7 $2 (40... Qxc4 41. Bxd4 Ke7 42. Rc3 $11 (42. Rxf6 $2 Rxf6 43. Qxe5+ Qe6 $19)) (40... Ke7 $1 $19 {[%cal Oc8d6] ...Nd6! would now be deadly.} 41. Ra1 Qxc4) 41. Rxd4 $11 Rxd4 42. Bxd4 Qe7 $2 (42... Rg8 $11 {and Black stays safe.} 43. Bg1 Rg4 44. Qd3+ Kc7) 43. Bg1 $18 Rf8 $2 (43... Qe6 44. c5 bxc5) 44. Rd3+ $18 (44. Qc6 Qd7 $16) 44... Ke8 45. Qc6+ 1-0

[Event "Israel-ch Youth U8-18 2024"]
[Site "Kfar Saba"]
[Date "2024.04.18"]
[Round "5.6"]
[White "Leib, Yoni"]
[Black "Duchan, Yoav"]
[Result "1/2-1/2"]
[ECO "E60"]
[WhiteElo "1972"]
[BlackElo "1980"]
[Annotator "TA"]
[PlyCount "59"]
[EventDate "2024.04.10"]
[EventType "swiss"]
[EventCountry "ISR"]
[SourceTitle "playchess.com"]
[Source "ChessBase"]
[SourceQuality "1"]
[TimeControl "5400+30"]

1. Nf3 g6 2. e3 Bg7 3. d4 d6 4. b3 Nf6 5. Bb2 O-O 6. Be2 Nbd7 7. O-O Re8 8. c4 e5 9. dxe5 Ng4 10. Nc3 Ngxe5 11. Qd2 b6 12. Nd4 {[%emt 0:06:34] [#] f4 would now be deadly.} Bb7 13. f4 Nc6 14. Bf3 Nxd4 15. Bxb7 Rb8 16. exd4 (16. Bd5 $14 Nf5 17. Rfe1) 16... Rxb7 $11 17. Rae1 Nf6 18. d5 Rb8 19. Nb5 Qd7 20. Nxa7 {[%emt 0:09:44][%cal Of4f5] White is much more active.} Rxe1 $1 21. Rxe1 Re8 $1 22. Nb5 (22. h3 $16) 22... Rxe1+ $1 23. Qxe1 Qf5 (23... Nxd5 $1 $11 {keeps the balance.} 24. Bxg7 Kxg7) 24. Nxc7 (24. h3 $16) 24... Qxf4 25. Ne8 (25. g3 {simplifies} Qf3 26. Qf2 Qxf2+ 27. Kxf2 Ng4+ 28. Kf3) 25... Ng4 $1 {[%emt 0:03:59][%csl LRb2,LRh2] The position is equal.} 26. Bxg7 {[%emt 0:10:52] [#] Threatens to win with g3.} Qxh2+ 27. Kf1 Qf4+ 28. Kg1 {[%emt 0:00:16] aiming for g3.} Qh2+ 29. Kf1 Qf4+ 30. Kg1 {[%emt 0:00:06] Weighted Error Value: White=0.25 (precise) /Black=0.12 (very precise) .  Mistake:       	White=3     	Black=1      Inaccurate:     	White=2     	Black=3      OK:         	White=6     	Black=9      Best:        	White=4     	Black=2      Strong:       	---       	Black=4} 1/2-1/2

[Event "Israel-ch Youth U8-18 2024"]
[Site "Kfar Saba"]
[Date "2024.04.18"]
[Round "5.7"]
[White "Manyevich, Rom"]
[Black "Afek, Itay"]
[Result "1/2-1/2"]
[ECO "E69"]
[WhiteElo "1927"]
[BlackElo "1816"]
[Annotator "TA"]
[PlyCount "90"]
[EventDate "2024.04.10"]
[EventType "swiss"]
[EventCountry "ISR"]
[SourceTitle "playchess.com"]
[Source "ChessBase"]
[SourceQuality "1"]
[TimeControl "5400+30"]

1. Nf3 Nf6 2. c4 g6 3. g3 Bg7 4. Bg2 O-O 5. O-O d6 6. d4 Nbd7 7. Nc3 e5 8. e4 c6 9. h3 Re8 10. Re1 exd4 11. Nxd4 Nc5 12. Qc2 Nfxe4 13. Nxe4 $16 {[%emt 0:00:11] Bg5 would now be deadly.} Bxd4 14. Bg5 Qd7 {[%emt 0:01:29] White is better.} ({Don't go for} 14... f6 $2 15. Bxf6 Qc7 16. Bxd4 $18) 15. Nf6+ Bxf6 16. Bxf6 Re6 17. Qc3 {[%emt 0:06:17][%mdl 1024] White has compensation.} Qc7 {[%emt 0:05:38] Black is weak on the dark squares} (17... Qe8 $14) 18. b4 (18. Rad1 $16) 18... Nd7 $1 $14 19. Bg5 {[%emt 0:03:52] And now Bh6 would win. White is much more active. This pair of bishops is nice.} Ne5 (19... a5 $1 $11) 20. f4 (20. Bd2 $16) 20... f6 $1 21. Bh4 Nf7 (21... g5 $1 $14) 22. Bxf6 $18 Bd7 23. Rxe6 Bxe6 24. Re1 Re8 25. Qe3 (25. Qa3 $18) 25... Nh6 (25... Qb6 $16 {was necessary.} 26. Qxb6 axb6) 26. Qxa7 $40 {[%emt 0:09:34][%mdl 128] White wants a kill.} Qf7 27. Bc3 Nf5 {[%emt 0:00:00] Prevents Qd4} 28. Kh2 $2 ({White must play} 28. g4 $18 Ng7 29. Qd4) 28... h5 $2 {[%emt 0:00:00][%mdl 8192] [#]} (28... Bxc4 $11 {and Black stays safe.} 29. g4 (29. Rxe8+ Qxe8 30. g4 Qe3 $11) 29... Rxe1 30. Bxe1 Ng7) 29. b5 $2 (29. g4 $1 $18 {[%cal Rg4f5] and the rest is easy.} hxg4 30. hxg4) 29... d5 $2 (29... Bxc4 $16 {keeps fighting.} 30. bxc6 bxc6 31. Qxf7+ Bxf7) 30. bxc6 bxc6 31. Qxf7+ (31. Qb6 $18) 31... Kxf7 $14 32. cxd5 Bxd5 (32... cxd5 $14 33. g4 hxg4) 33. Bxd5+ cxd5 34. Rxe8 Kxe8 $18 {[%emt 0:00:00][%mdl 4096] Endgame. KB-KN} 35. Kg2 Kd7 36. Kf3 Kc6 37. g4 Nd6 38. Ke3 Kc5 39. Bd4+ Kc4 (39... Kc6 $142 40. f5 hxg4 41. hxg4 (41. fxg6 gxh3 42. Kf2 Nf5 $14) 41... gxf5) 40. Be5 Nf7 41. Bg7 (41. g5 d4+ 42. Bxd4) 41... hxg4 42. hxg4 {[%emt 0:00:22] Strongly threatening a4.} Nd8 $2 (42... d4+ $16 43. Bxd4 Nh6) 43. Bf6 Ne6 (43... Nf7 44. f5 d4+ 45. Ke2 (45. Bxd4 gxf5 46. gxf5 Nh6 $11) 45... gxf5) 44. f5 d4+ {[%emt 0:00:00] [#]} 45. Bxd4 $2 gxf5 {[%emt 0:11:00] Weighted Error Value: White=0.79/Black=0.87.  Loses game:     	---       	Black=4      Missed win:     	White=4     	---        Mistake:       	White=3     	Black=6      Inaccurate:     	White=2     	Black=1      OK:         	White=14    	Black=3      Best:        	White=2     	Black=4      Strong:       	---       	Black=2} 1/2-1/2